 Dungeon Crawl Stone Soup version bcrawl-1.31.4 (webtiles) character file.

Game seed: 9044088576798336005

370251 Morbidden the Slicer (level 10, -5/59 HPs)
             Began as a Skeleton Archaeologist on June 9, 2021.
             Was an Initiate of Gozag.
             Slain by an earth elemental (23 damage)
             ... summoned by a deep elf mage
             ... in a bailey.
             The game lasted 00:12:49 (7629 turns).

Morbidden the Slicer (Skeleton Archaeologist)       Turns: 7629, Time: 00:12:49

Health: -5/59      AC: 20    Str: 20      XL:     10   Next: 64%
Magic:  0/20       EV:  9    Int: 14      God:    Gozag
Gold:   1109       SH:  0    Dex:  6 (7)  Spells: 22/23 levels left

rFire    . . .     SeeInvis .   a - +2 dagger (elec)
rCold    + + .     Gourm    .   (no shield)
rNeg     + + +     Faith    .   o - +0 plate armour
rPois    ∞         Spirit   +   d - +1 hat
rElec    .         Reflect  .   t - +2 cloak {+Inv}
rCorr    .         Harm     .   y - +0 pair of gloves
MR       +....                  e - +1 pair of boots
Stlth    ..........             w - amulet of regeneration
HPRegen  1.19/turn              u - +5 ring of slaying
MPRegen  0.17/turn              z - ring of protection from cold

@: gold aura
A: no food or potions, cold resistance 1, deterioration 1, negative energy
resistance 3, powered by death 1, torment resistance, unbreathing, magic shield,
sturdy frame 2, spell healing
a: Potion Petition, Call Merchant, Bribe Branch, Renounce Religion, Evoke
Invisibility


You were in a bailey.
You worshipped Gozag.
Gozag was most pleased with you.
You were not hungry.

You visited 2 branches of the dungeon, and saw 10 of its levels.
You also visited: Bailey.

You collected 2896 gold pieces.
You spent 1284 gold pieces at shops.
You paid 503 gold pieces to Gozag.

Inventory:

Hand Weapons
 a - a +2 dagger of electrocution (weapon)
 b - a +0 blowgun
 p - a +1 dagger of venom
 C - a +1 long sword of slicing
Missiles
 f - 6 curare-tipped needles
 j - 304 poisoned tomahawks (quivered)
 k - 129 javelins
 r - 152 poisoned needles
 A - a throwing net {=f}
Armour
 d - a +1 hat (worn)
 e - a +1 pair of boots (worn)
 o - a +0 plate armour (worn)
 t - a +2 cloak of invisibility (worn)
 y - a +0 pair of gloves (worn)
Jewellery
 u - a +5 ring of slaying (left hand)
 w - an amulet of regeneration (around neck)
 z - a ring of protection from cold (right hand)
Wands
 c - a wand of polymorph (7)
 x - a wand of flame (52)
Scrolls
 g - 2 scrolls of magic mapping
 h - a scroll of fog
 i - 7 scrolls of identify
 l - a scroll of summoning {unknown}
 m - a scroll of teleportation
 n - 8 scrolls of remove curse
 q - a scroll of enchant weapon {unknown}
 s - a scroll of enchant armour {unknown}
 v - a scroll of amnesia {unknown}
 B - a scroll of blinking {unknown}


   Skills:
 * Level 5.4 Fighting
 * Level 8.7 Short Blades
   Level 1.4 Maces & Flails
 * Level 5.9 Throwing
 + Level 6.1 Armour
 * Level 6.5 Dodging
 + Level 4.4 Stealth
 * Level 7.1 Spellcasting
 * Level 4.1 Conjurations
 * Level 3.7 Evocations


You had 22 spell levels left.
You knew the following spells:

 Your Spells              Type           Power        Failure   Level  Hunger
a - Magic Dart            Conj           ###.         17%         1    N/A

Your spell library contained the following spells:

 Spells                   Type           Power        Failure   Level  Hunger
 Sting                    Conj/Pois      ##..         36%         1    N/A
 Conjure Flame            Conj/Fire      ##......     75%         3    N/A
 Blink                    Tloc           N/A          80%         2    N/A
 Call Imp                 Summ           #.....       80%         2    N/A
 Poisonous Vapours        Pois/Air       #.....       80%         2    N/A
 Mephitic Cloud           Conj/Pois/Air  #.......     85%         3    N/A
 Ignite Poison            Fire/Tmut/Pois #.......     95%         3    N/A
 Olgreb's Toxic Radiance  Pois           #........    100%        4    N/A
 Summon Scorpions         Summ/Pois      #.......     100%        4    N/A
 Venom Bolt               Conj/Pois      ##........   100%        5    N/A
 Freezing Cloud           Ice/Air        #.........   100%        6    N/A
 Steam Barrier            Chrm/Fire      #.........   100%        6    N/A
 Spider Form              Tmut/Pois      Unusable     N/A         3    N/A

Dungeon Overview and Level Annotations

Branches:
Dungeon (9/12)             Temple (1/1) D:5            Lair (0/6) D:9
    Orc: D:8-11

Altars:
Ashenzari
Dithmenos
Fedhas
Gozag
Hepliaklqana
Kikubaaqudgha
Qazlal
Ru
Uskayaw
Xom

Shops:
D:5 =   D:7 *   D:8 ?   D:9 [

Annotations:
D:9 1 runed translucent door, Quickbrownfox's ghost, journeyman MiAc


Innate Abilities, Weirdness & Mutations

You do not eat or drink.
You are immune to poison.
Your flesh is cold resistant. (rC+)
Your body sometimes deteriorates upon taking damage.
You are immune to negative energy. (rN+++)
You regenerate a little health from kills.
You are immune to unholy pain and torment.
You can survive without breathing.
When hurt, damage is shared between your health and your magic reserves.
Your movements are less encumbered by armour. (ER -4)
Casting spells heals you.


Message History

Okay, then.
Throwing (i - inventory. (/) - cycle)
j - 305 poisoned tomahawks (quivered)
Press: ? - help, Shift-Dir - straight line, f - deep elf mage
Aim: a deep elf mage, wielding a +0 long sword and wearing a +0 leather armour (heavily wounded)
You throw a poisoned tomahawk.
The poisoned tomahawk closely misses the deep elf mage.
No path to travel!
Throwing (i - inventory. (/) - cycle)
j - 304 poisoned tomahawks (quivered)
Press: ? - help, Shift-Dir - straight line, f/p - deep elf mage
Aim: a deep elf mage, wielding a +0 long sword and wearing a +0 leather armour (heavily wounded)
Okay, then.
You hit the deep elf mage.
Lightning courses through the deep elf mage!
The deep elf mage is almost dead.
You puncture the deep elf mage!
Lightning courses through the deep elf mage!!
You kill the deep elf mage!
The earth elemental hits you!!
You die...
Your body crumbles into a pile of gold.

#####E#
##...E#...e#
#.....#.....#
#..∩E.#.....#
#.....#...e.#
###.eE###...##
##..##'######.
#....##E..##
..
#....#@$...#
##..##..∩..#
######...##
#####


You could see an earth elemental.

Vanquished Creatures
  2 deep elf magi (Bailey)
  2 centaur zombies
  A komodo dragon (D:9)
  Maurice (D:8)
  A troll (D:6)
  Grinder (D:6)
  2 hippogriffs (D:7)
  Eustachio (D:6)
  A shadow (D:9)
  A hungry ghost (D:6)
  3 yaks (D:8)
  A crocodile (D:4)
  2 water moccasins
  Duvessa (D:6)
  An orc warrior (D:5)
  2 sky beasts
  An ice beast (D:9)
  A phantom (D:6)
  3 centaurs
  A necrophage (D:7)
  An ogre (D:4)
  A big kobold (D:8)
  4 bullfrogs
  Dowan (D:6)
  3 scorpions
  9 wights (D:9)
  A howler monkey (D:8)
  2 crimson imps (D:8)
  A bullfrog zombie (D:7)
  5 hounds
  2 bullfrog skeletons
  5 orc priests
  7 orc wizards
  2 iguanas
  Crazy Yiuf (D:4)
  Ijyb (D:4)
  A worker ant (D:6)
  A howler monkey zombie (D:7)
  8 gnolls
  5 adders
  2 shadow imps
  An ooze (D:1)
  An adder skeleton (D:4)
  A worm (D:2)
  4 dart slugs
  4 leopard geckos
  19 orcs
  8 giant cockroaches
  A goblin (D:1)
  7 hobgoblins
  A jackal (D:2)
  8 kobolds
  4 quokkas
  5 bats
  5 frilled lizards
  A jackal skeleton (D:4)
  2 rats
  A fungus (D:4)
165 creatures vanquished.

Vanquished Creatures (others)
  A fungus (D:9)
1 creature vanquished.

Grand Total: 166 creatures vanquished

Notes
Turn   | Place    | Note
-------+----------+-------------------------------------------
     0 | D:1      | Morbidden the Skeleton Archaeologist began the quest for
                  | the Orb.
     0 | D:1      | Reached XP level 1. HP: 12/12 MP: 1/1
   115 | D:1      | Reached XP level 2. HP: 16/16 MP: 3/3
   579 | D:1      | Reached skill level 1 in Spellcasting
   978 | D:2      | Reached XP level 3. HP: 20/20 MP: 4/4
  1730 | D:3      | Noticed a sky beast
  1755 | D:3      | Killed a sky beast
  1756 | D:3      | Reached skill level 1 in Short Blades
  1756 | D:3      | Reached skill level 1 in Throwing
  1756 | D:3      | Reached XP level 4. HP: 8/26 MP: 1/7
  1756 | D:3      | Reached XP level 5. HP: 10/30 MP: 1/8
  1756 | D:3      | Identified a scroll of acquirement
  1756 | D:3      | Identified the +2 great mace of Verphim {drain, rC+} (You
                  | acquired it on level 3 of the Dungeon)
  1756 | D:3      | Identified the ring of Xuki {rPois rF- MR+ AC+1} (You
                  | acquired it on level 3 of the Dungeon)
  2370 | D:3      | Noticed a shadow
  2371 | D:3      | Found a shadowy altar of Dithmenos.
  2373 | D:3      | Found a hazy altar of Hepliaklqana.
  2495 | D:4      | Noticed a crocodile
  2506 | D:4      | Killed a crocodile
  2507 | D:4      | Reached skill level 2 in Short Blades
  2507 | D:4      | Gained mutation: You regenerate a little health from kills.
                  | [Skeleton growth]
  2507 | D:4      | Reached XP level 6. HP: 22/35 MP: 4/9
  2622 | D:4      | Noticed Ijyb
  2645 | D:4      | Killed Ijyb
  2902 | D:4      | Reached skill level 3 in Short Blades
  3114 | D:4      | Reached XP level 7. HP: 14/40 MP: 4/11
  3355 | D:4      | Reached skill level 1 in Armour
  3355 | D:4      | Reached skill level 5 in Dodging
  3657 | D:4      | Found a runed door.
  3661 | D:4      | Noticed Crazy Yiuf
  3663 | D:4      | Killed Crazy Yiuf
  3702 | D:5      | Entered Level 5 of the Dungeon
  3756 | D:5      | Found a staircase to the Ecumenical Temple.
  3770 | D:5      | Reached skill level 4 in Short Blades
  3842 | Temple   | Entered the Ecumenical Temple
  3867 | Temple   | Became a worshipper of Gozag Ym Sagoz the Greedy
  3886 | D:5      | Bought a +5 ring of slaying for 807 gold pieces
  4119 | D:5      | Reached XP level 8. HP: 46/46 MP: 13/13
  4411 | D:5      | Bought a cursed amulet of regeneration for 435 gold pieces
  4438 | D:6      | Noticed Eustachio
  4530 | D:6      | Killed Eustachio
  4531 | D:6      | Reached skill level 1 in Evocations
  4535 | D:6      | Noticed Grinder
  4543 | D:6      | Killed Grinder
  4544 | D:6      | Reached skill level 5 in Short Blades
  4600 | D:6      | Noticed a troll
  4609 | D:6      | Killed a troll
  4812 | D:6      | Noticed Duvessa
  4812 | D:6      | Noticed Dowan
  4816 | D:6      | Killed Duvessa
  4821 | D:6      | Killed Dowan
  4822 | D:6      | Reached skill level 5 in Spellcasting
  4879 | D:6      | Reached XP level 9. HP: 52/52 MP: 15/17
  4912 | D:6      | Reached skill level 6 in Short Blades
  5149 | D:6      | Learned a level 1 spell: Magic Dart
  5155 | D:7      | Found a hazy altar of Hepliaklqana.
  5304 | D:7      | Found a hide-covered altar of Uskayaw.
  5442 | D:7      | Reached skill level 5 in Throwing
  5459 | D:7      | Reached skill level 1 in Conjurations
  5614 | D:7      | Found a blossoming altar of Fedhas.
  5791 | D:7      | Found Gyma's Assorted Antiques.
  5800 | D:7      | Reached skill level 5 in Armour
  5845 | D:7      | Reached skill level 7 in Short Blades
  6184 | D:7      | Found a hide-covered altar of Uskayaw.
  6439 | D:7      | Found Gyma's Assorted Antiques.
  6642 | D:7      | Found a blossoming altar of Fedhas.
  6957 | D:8      | Gained mutation: Your movements are less encumbered by
                  | armour. (ER -4) [Skeleton growth]
  6957 | D:8      | Reached XP level 10. HP: 56/58 MP: 17/19
  7059 | D:8      | Found Igexe's Magic Scroll Shoppe.
  7069 | D:8      | Noticed Maurice
  7089 | D:8      | Killed Maurice
  7108 | D:8      | Bought a scroll of magic mapping for 42 gold pieces
  7233 | D:8      | Found a sacrificial altar of Ru.
  7340 | D:9      | Reached skill level 5 in Fighting
  7350 | D:9      | Reached skill level 8 in Short Blades
  7376 | D:9      | Found Moaluc's Armour Boutique.
  7463 | D:9      | Found a runed translucent door.
  7464 | D:9      | Noticed Quickbrownfox's ghost (journeyman MiAc)
  7553 | D:9      | Found a stormy altar of Qazlal.
  7559 | D:9      | Found a flagged portal.
  7568 | Bailey   | Entered a bailey
  7577 | Bailey   | Noticed a deep elf mage
  7599 | Bailey   | Killed a deep elf mage
  7608 | Bailey   | Noticed a deep elf mage
  7609 | Bailey   | Noticed a deep elf mage
  7609 | Bailey   | Noticed a deep elf mage
  7609 | Bailey   | Noticed a deep elf mage
  7609 | Bailey   | Noticed a deep elf mage
  7609 | Bailey   | Noticed a deep elf mage
  7629 | Bailey   | Killed a deep elf mage
  7629 | Bailey   | Slain by an earth elemental

Skill      XL: |  1  2  3  4  5  6  7  8  9 10 |
---------------+-------------------------------+-----
Spellcasting   | 1 2 3 5 6 7 |  7.1
Stealth        | 4 |  4.4
Short Blades   | 1 2 3 4 5 7 8 |  8.7
Throwing       | 1 2 3 4 5 |  5.9
Dodging        | 4 5 6 |  6.5
Fighting       | 2 3 4 5 |  5.4
Armour         | 2 4 5 6 |  6.1
Evocations     | 2 3 |  3.7
Conjurations   | 2 4 |  4.1
Maces & Flails | |  1.4

Action                   |  1- 3 |  4- 6 |  7- 9 | 10-12 || total
-------------------------+-------+-------+-------+-------++-------
Melee: Whip              |    61 |       |       |       ||    61
       Dagger            |    69 |    87 |   284 |   142 ||   582
Throw: Javelin           |     5 |     4 |     4 |       ||    13
       Tomahawk          |     7 |    14 |    27 |     7 ||    55
Invok: Call Merchant     |       |       |     1 |       ||     1
  Use: Scroll            |       |     2 |     6 |     1 ||     9
 Stab: Sleeping          |     7 |     1 |       |       ||     8
Armor: Robe              |    45 |     4 |       |       ||    49
       Plate armour      |       |    63 |   184 |    71 ||   318
Dodge: Dodged            |    75 |    47 |    94 |    60 ||   276
